 Dungeon Crawl Stone Soup version 0.29.1-12-g30fa7ad0bf (webtiles) character file.

Game seed: 3969849300987789143

5 kingofthe the Caller (level 1, 0/13 HPs)
             Began as a Merfolk Summoner on Jan 14, 2023.
             Slain by a bat (1 damage)
             ... on level 1 of the Dungeon.
             The game lasted 00:01:21 (641 turns).

kingofthe the Caller (Merfolk Summoner)              Turns: 641, Time: 00:01:21

Health: 0/13       AC:  2    Str:  8    XL:     1   Next: 80%
Magic:  3/3        EV: 13    Int: 14    God:
Gold:   23         SH:  0    Dex: 14    Spells: 3/4 levels left

rFire   . . .      SeeInvis .   c - +0 dagger
rCold   . . .      Faith    .   (no shield)
rNeg    . . .      Spirit   .   a - +0 robe
rPois   .          Reflect  .   (no helmet)
rElec   .          Harm     .   (no cloak)
rCorr   .          Rampage  .   (no gloves)
Will    .....                   (no boots)
Stlth   ++........              (no amulet)
HPRegen 0.04/turn               (no ring)
MPRegen 0.08/turn               (no ring)

@: no status effects
A: (nimble swimmer 2), mertail
a: no special abilities


You were on level 1 of the Dungeon.
You visited 1 branch of the dungeon, and saw 1 of its levels.

You collected 23 gold pieces.

Inventory:

Hand Weapons
 c - a +0 dagger (weapon)
Missiles
 d - 8 stones
Armour
 a - a +0 robe (worn)
Jewellery
 e - a ring of fire
Potions
 b - a potion of magic


   Skills:
 + Level 2.9 Dodging
 + Level 2.3 Stealth
 + Level 2.1 Spellcasting
 + Level 4.0 Summonings


You had 3 spell levels left.
You knew the following spells:

 Your Spells              Type           Power      Damage    Failure   Level
a - Summon Small Mammal   Summ           48%        N/A       4%          1

Your spell library contained the following spells:

 Spells                   Type           Power      Damage    Failure   Level
 Call Imp                 Summ           12%        N/A       7%          2
 Call Canine Familiar     Summ           12%        N/A       13%         3
 Summon Guardian Golem    Hex/Summ       7%         N/A       30%         3
 Summon Lightning Spire   Summ/Air       7%         N/A       71%         4


Dungeon Overview and Level Annotations

Branches:
Dungeon (1/15)

Altars:


Innate Abilities, Weirdness & Mutations

((You are very nimble when in or above water. (Stealth+, EV+, Speed+++)))
Your lower body shifts to a powerful aquatic tail in water.


Message History

The hobgoblin is almost dead.
The bat barely misses your bat.
Your bat hits the bat but does no damage.
Your bat closely misses the hobgoblin.
The hobgoblin barely misses you.
Your bat hits the bat. You hit the hobgoblin.
You kill the hobgoblin!
The bat closely misses your bat.
Your bat barely misses the bat.
Your bat closely misses the bat.
The bat completely misses you.
Your bat hits the bat but does no damage.
The bat barely misses you.
Your bat barely misses the bat.
The bat barely misses you.
You see here a hobgoblin corpse.
You hit the bat but do no damage. The bat barely misses you.
The endoplasm jiggles.
The endoplasm freezes you.
You are frozen.
The bat barely misses your bat.
Your bat closely misses the bat.
The bat closely misses your bat.
Your bat hits the bat but does no damage.
The bat hits your bat but does no damage.
The endoplasm hits you.
* * * LOW HITPOINT WARNING * * *
Your bat hits the bat. The endoplasm attacks as you move away!
The endoplasm barely misses you. Something closely misses your bat.
Your bat closely misses the bat.
The bat closely misses your bat. The endoplasm barely misses your bat.
Your bat barely misses the endoplasm.
The bat closely misses your bat.
Your bat misses the bat.
Your bat hits the bat but does no damage.
The endoplasm attacks as you move away! The endoplasm closely misses you.
The endoplasm attacks as you move away! The endoplasm hits you.
* * * LOW HITPOINT WARNING * * *
Your bat hits the bat.
Your bat barely misses the bat.
Your bat closely misses the bat.
Your bat misses the bat.
Your bat disappears in a puff of smoke!
The bat attacks as you move away! The bat hits you.
You die...

##.#.# ##.......
##.^..#
#.........####...###
+.................# .
.........####....####.
J .... . ..#
###........ .# #.. #.#
#....[##### .. #.# #.#
#.###.# #.###.##+###.#
#@# #.#
.............###b###.#
#.####.#.###.†..J....#
#. #.#.###.###.#####
#. #....##.###.# #.
#......bb.§.#
#.####....##.#####
#.........##.#
######.......#


You could see an endoplasm and a bat.

Vanquished Creatures
  An endoplasm (D:1)
  A hobgoblin (D:1)
  A bat (D:1)
  A frilled lizard (D:1)
  2 kobolds (D:1)
6 creatures vanquished.

Notes
Turn   | Place    | Note
-------+----------+-------------------------------------------
     0 | D:1      | kingofthe the Merfolk Summoner began the quest for the Orb.
     0 | D:1      | Reached XP level 1. HP: 13/13 MP: 3/3
   641 | D:1      | Slain by a bat

Illustrated notes

Levels and vault maps discovered:
D:1:      tarquinn_simple_flora_water_f, layout_loops_corners

Action                   || total
-------------------------++-------
Melee: Dagger            ||    19
       Unarmed           ||     4
 Cast: Summon Small Mamm ||     2
 Stab: Sleeping          ||     1
Armor: Robe              ||    10
Dodge: Dodged            ||    32
